Map: Automaton LE

Players

FeverNight

  • Race: Terran Terran
  • League: Gold
  • Spawn Location: 9:00

A.I. 1 (Very Easy)

  • Race: Protoss Protoss
  • Spawn Location: 3:00

VOD

Have the link to the VOD?

Description

Time

  • Played on: April 28, 2019, 3:05 p.m.
  • Length: 14:35
Show
View Real Time Build Order
Export as new Build Order

FeverNight Terran 

Build Orders: Banshee Rush 

Get SALT Encoding   

  1  0:00  Protoss Air Weapons Level 2, Zerg Flyer Weapons Level 2, Stimpack, Blink, Protoss Shields Level 2, Terran Ship Weapons Level 1, Extended Thermal Lance, Terran Infantry Armor Level 1, Terran Vehicle Armor Level 3, Terran Infantry Weapons Level 3, Zerg Melee Weapons Level 2, Protoss Ground Weapons Level 2, Corvid Reactor, Resonating Glaives, Warp Gate, Concussive Shells, Durable Materials, Gravitic Drive, Behemoth Reactor, Terran Vehicle Armor Level 1, Protoss Air Armor Level 3, Protoss Air Armor Level 2, Terran Vehicle Armor Level 2, Caduceus Reactor, Glial Reconstitution, Weapon Refit, Terran Ship Weapons Level 2, Metabolic Boost, Charge, Protoss Shields Level 1, Zerg Melee Weapons Level 1, Terran Infantry Armor Level 3, Terran Vehicle Weapons Level 3, Adrenal Glands, Combat Shield, Zerg Flyer Weapons Level 1, Zerg Melee Weapons Level 3, Terran Infantry Weapons Level 2, Zerg Flyer Weapons Level 3, Centrifical Hooks, Terran Infantry Weapons Level 1, Terran Ship Armor Level 1, Terran Ship Armor Level 2, Terran Ship Weapons Level 3, Terran Infantry Armor Level 2, Hi-Sec Auto Tracking, Zerg Flyer Armor Level 2, Zerg Flyer Armor Level 1, Zerg Ground Armor Level 1, Zerg Ground Armor Level 2, Neural Parasite, Protoss Ground Weapons Level 3, Neosteel Frame, Pathogen Glands, Pneumatized Carapace, Protoss Shields Level 3, Protoss Ground Weapons Level 1, Muscular Augments x2, Cloaking Field, Protoss Air Weapons Level 1, Protoss Ground Armor Level 3, Protoss Air Armor Level 1, Neosteel Armor, Infernal Pre-Igniter, Chitinous Plating, Graviton Catapult, Gravitic Boosters, Terran Vehicle Weapons Level 1, Psionic Storm, Zerg Missile Weapons Level 1, Moebius Reactor, Protoss Ground Armor Level 1, Zerg Flyer Armor Level 3, Enduring Locusts, Terran Ship Armor Level 3, Zerg Ground Armor Level 3, Ventral Sacs, Protoss Ground Armor Level 2, Burrow, Terran Vehicle Weapons Level 2, Personal Cloaking, Zerg Missile Weapons Level 3, Zerg Missile Weapons Level 2, Protoss Air Weapons Level 3, Tunneling Claws  
  12  0:01  SCV x12  
    0:13  Unknown  
  13  0:14  SCV  
  13  0:29  Orbital Command  
  13  0:40  Unknown x5  
  13  0:42  SCV x12  
    0:56  SCV  
  13  1:08  SCV  
  14  1:13  Supply Depot  
  14  1:20  SCV  
  15  1:34  SCV  
  15  1:36  Barracks  
  16  1:44  Refinery  
  16  1:46  SCV  
  17  1:52  Refinery  
  17  1:59  SCV  
  18  2:11  SCV  
  19  2:23  Orbital Command  
  19  2:27  Reaper  
  19  2:28  Supply Depot  
  20  2:44  Factory  
  20  2:49  SCV  
  21  3:01  Barracks  
  21  3:04  SCV  
  22  3:15  Barracks  
  22  3:16  SCV  
  23  3:30  Starport, SCV  
  24  3:38  Supply Depot  
  24  3:42  SCV  
  25  3:54  SCV  
  26  4:06  SCV  
  27  4:14  Fusion Core  
  27  4:16  Medivac  
  29  4:18  Hellion  
  29  4:20  Marine x3  
  29  4:22  SCV  
  35  4:34  SCV  
  35  4:37  Supply Depot  
  36  4:42  Marine x3  
  36  4:44  Factory Tech Lab  
  39  4:52  Supply Depot  
  39  4:59  SCV  
  40  5:11  SCV  
  41  5:19  Battlecruiser  
  41  5:20  Marine x2  
  41  5:21  Marine  
  50  5:28  Supply Depot  
  50  5:32  SCV  
  51  5:38  Marine x3  
  54  5:44  SCV  
  55  5:50  Supply Depot  
  55  5:51  Factory Tech Lab  
  55  5:56  SCV  
  56  6:08  SCV  
  56  6:11  Barracks Tech Lab  
  57  6:13  Barracks Reactor, Supply Depot  
  57  6:21  SCV  
  58  6:27  Command Center  
  58  6:36  Supply Depot  
  58  6:41  SCV  
  59  7:00  Command Center  
  59  7:03  Siege Tank  
  59  7:05  Marine x2  
  59  7:06  Marine  
  65  7:17  Supply Depot  
  65  7:18  Barracks Reactor  
  65  7:29  Marine x2  
  67  7:30  Barracks, Marauder  
  67  7:33  Stimpack  
  67  7:35  Starport Reactor  
  69  7:41  Engineering Bay x2  
  69  7:45  Orbital Command  
  69  8:02  Supply Depot  
  69  8:11  SCV  
  69  8:12  SCV  
  71  8:15  Refinery  
  71  8:17  Refinery, Orbital Command  
  71  8:23  SCV  
  71  8:25  Medivac  
  71  8:26  Medivac  
  76  8:37  SCV x2  
  76  8:38  Marine x2  
  76  8:39  Marine x2  
  76  8:40  Marauder  
  84  8:43  SCV  
  84  8:47  Supply Depot  
  85  8:49  SCV  
  85  8:50  Terran Infantry Weapons Level 1, Terran Infantry Armor Level 1  
  86  9:00  Armory  
  86  9:01  SCV x2  
  86  9:02  SCV  
  89  9:13  SCV  
  89  9:14  Marauder, Marine x4  
  96  9:17  Supply Depot  
  96  9:18  Siege Tank  
  96  9:23  Medivac x2  
  103  9:26  SCV  
  103  9:28  SCV x2  
  106  9:35  Marauder  
  106  9:36  Factory  
  108  9:39  SCV  
  108  9:40  SCV x2  
  108  9:41  Marine x3  
  108  9:42  Marine  
  115  9:51  SCV, Combat Shield  
  115  9:52  SCV x2  
  118  9:55  Concussive Shells  
  118  9:59  Supply Depot  
  118  10:00  Supply Depot  
  118  10:03  Marauder, Marine x4  
  124  10:12  Marine  
  125  10:14  Siege Tank  
  125  10:15  SCV  
  125  10:16  SCV x2  
  131  10:22  Factory Tech Lab  
  131  10:32  Supply Depot  
  131  10:37  SCV x3  
  131  10:38  Marine x2  
  131  10:39  Marine x3  
  131  10:40  Marauder  
  131  10:42  Siege Tank  
  144  10:45  Viking x2  
  144  10:49  SCV x3  
  151  10:51  Refinery x2  
  151  10:57  Marauder, Liberator  
  151  10:58  Liberator  
  153  11:06  SCV x2  
  153  11:07  SCV  
  153  11:09  Marine x4  
  153  11:10  Marauder  
  162  11:11  Siege Tank  
  171  11:18  Terran Infantry Weapons Level 2  
  171  11:30  Terran Infantry Armor Level 2  
  171  11:33  Terran Vehicle Weapons Level 1  
  171  11:34  Supply Depot  
  171  11:36  SCV x2  
  173  11:46  Command Center  
  173  11:52  Marauder x2, Marine x2, SCV x2  
  181  11:55  Marine x2  
  183  12:11  Siege Tank x2  
  189  12:17  Supply Depot  
  189  12:19  Supply Depot  
  189  12:23  Supply Depot  
  189  12:38  Marine x4  
  189  12:39  Marauder x2  
  189  12:40  Medivac  
  199  12:58  Orbital Command  
  199  13:02  Command Center  
  199  13:09  Barracks, Command Center  
  199  13:11  Barracks  
  199  13:13  Barracks  
  199  13:42  Orbital Command  
  199  14:17  Refinery  
  199  14:22  Refinery  
Show
View Real Time Build Order
Export as new Build Order

A.I. 1 (Very Easy) Protoss 

Build Orders: Blink Stalkers 

Get SALT Encoding   

  1  0:00  Protoss Air Weapons Level 2, Zerg Flyer Weapons Level 2, Stimpack, Blink, Protoss Shields Level 2, Terran Ship Weapons Level 1, Extended Thermal Lance, Terran Infantry Armor Level 1, Terran Vehicle Armor Level 3, Terran Infantry Weapons Level 3, Zerg Melee Weapons Level 2, Protoss Ground Weapons Level 2, Corvid Reactor, Resonating Glaives, Warp Gate, Concussive Shells, Durable Materials, Gravitic Drive, Behemoth Reactor, Terran Vehicle Armor Level 1, Protoss Air Armor Level 3, Protoss Air Armor Level 2, Terran Vehicle Armor Level 2, Caduceus Reactor, Glial Reconstitution, Weapon Refit, Terran Ship Weapons Level 2, Metabolic Boost, Charge, Protoss Shields Level 1, Zerg Melee Weapons Level 1, Terran Infantry Armor Level 3, Terran Vehicle Weapons Level 3, Adrenal Glands, Combat Shield, Zerg Flyer Weapons Level 1, Zerg Melee Weapons Level 3, Terran Infantry Weapons Level 2, Zerg Flyer Weapons Level 3, Centrifical Hooks, Terran Infantry Weapons Level 1, Terran Ship Armor Level 1, Terran Ship Armor Level 2, Terran Ship Weapons Level 3, Terran Infantry Armor Level 2, Hi-Sec Auto Tracking, Zerg Flyer Armor Level 2, Zerg Flyer Armor Level 1, Zerg Ground Armor Level 1, Zerg Ground Armor Level 2, Neural Parasite, Protoss Ground Weapons Level 3, Neosteel Frame, Pathogen Glands, Pneumatized Carapace, Protoss Shields Level 3, Protoss Ground Weapons Level 1, Muscular Augments x2, Cloaking Field, Protoss Air Weapons Level 1, Protoss Ground Armor Level 3, Protoss Air Armor Level 1, Neosteel Armor, Infernal Pre-Igniter, Chitinous Plating, Graviton Catapult, Gravitic Boosters, Terran Vehicle Weapons Level 1, Psionic Storm, Zerg Missile Weapons Level 1, Moebius Reactor, Protoss Ground Armor Level 1, Zerg Flyer Armor Level 3, Enduring Locusts, Terran Ship Armor Level 3, Zerg Ground Armor Level 3, Ventral Sacs, Protoss Ground Armor Level 2, Burrow, Terran Vehicle Weapons Level 2, Personal Cloaking, Zerg Missile Weapons Level 3, Zerg Missile Weapons Level 2, Protoss Air Weapons Level 3, Tunneling Claws  
  12  0:01  Probe x12  
    0:13  Unknown  
    0:14  Probe  
  13  0:26  Probe  
  14  0:34  Pylon  
  14  0:40  Unknown x5  
  14  0:42  Probe x12  
    0:54  Unknown  
    0:55  Probe  
  13  1:07  Probe  
  14  1:19  Probe  
  15  1:32  Pylon  
  15  1:46  Probe  
  16  1:54  Probe, Nexus  
  17  2:08  Gateway  
  17  2:13  Assimilator  
  17  2:20  Pylon  
  17  2:44  Assimilator  
  17  2:55  Probe  
  17  2:56  Cybernetics Core  
  17  2:58  Zealot  
  20  3:03  Probe  
  20  3:12  Probe  
  22  3:31  Warp Gate  
  22  3:55  Stalker  
  24  6:39  Stalker  
  25  6:40  Probe  
  24  6:48  Probe  
  19  6:55  Probe  
  9  7:02  Probe  
  9  7:04  Robotics Facility  
  9  7:07  Probe  
  9  7:08  Zealot  
  7  7:15  Probe  
  2  7:27  Probe  
  1  7:37  Zealot, Probe  
  1  7:43  Pylon  
  4  7:49  Probe  
  3  7:51  Pylon  
  3  7:53  Observer  
  3  7:54  Pylon  
  3  7:56  Gateway  
  3  8:01  Probe  
  3  8:05  Immortal  
  3  8:13  Probe  
  7  8:25  Probe  
  7  8:37  Probe  
  7  8:47  Cybernetics Core  
  7  8:49  Probe  
  3  9:01  Probe  
  4  9:09  Zealot  
Tags
 
Composition
Blink Stalkers
League
Gold
Matchup
PvT
Spawn Locations
Cross Positions
Strategy
Banshee Rush
Add a new tag
Caveats
  • Supply blocks, unpowered buildings, or Contaminate may cause inaccurate times.
  • Supply counts are checked every 10 seconds.